 Dungeon Crawl Stone Soup version 0.27-a0-46-g34d46f0a3f (webtiles) character file.

Game seed: 11425029178418854442

11844 Borgoz the Grappler (level 11, 0/99 HPs)
             Began as a Ghoul Gladiator on Jan 6, 2021.
             Was a Priest of Ashenzari.
             Killed by divine providence
             ... invoked by an orc priest
              (13 damage)
             ... while paralysed by Rupert
             ... on level 12 of the Dungeon.
             The game lasted 00:23:15 (13364 turns).

Borgoz the Grappler (Ghoul Gladiator)              Turns: 13364, Time: 00:23:15

Health: 0/99       AC: 10    Str: 25    XL:     11   Next: 84%
Magic:  16/16      EV:  2    Int:  3    God:    Ashenzari [***...]
Gold:   971        SH:  0    Dex: 13    Spells: 15/18 levels left

rFire    . . .     SeeInvis +     - Unarmed
rCold    + . .     Faith    +   (no shield)
rNeg     + + +     Spirit   .   J - +0 troll leather armour
rPois    ∞         Reflect  .   b - +0 helmet
rElec    .         Harm     .   u - +0 cloak
rCorr    .         Rampage  .   (no gloves)
Will     .....                  n - +1 pair of boots
Stlth    +.........             H - amulet of faith
HPRegen  0.00/turn              s - +4 ring of evasion
MPRegen  0.15/turn              f - +6 ring of strength

@: paralysed, mighty
A: claws 1, cold resistance 1, negative energy resistance 3, inhibited
regeneration, torment resistance, unbreathing
a: Renounce Religion, Curse Item, Scrying


You were on level 12 of the Dungeon.
You worshipped Ashenzari.
Ashenzari was most pleased with you.
You visited 1 branch of the dungeon, and saw 12 of its levels.
You also visited: Sewer and Bailey.

You collected 971 gold pieces.

Inventory:

Armour
 b - a +0 helmet (worn)
 n - a +1 pair of boots (worn)
 u - a +0 cloak (worn)
 G - +0 steam dragon scales
 J - a +0 troll leather armour (worn)
Jewellery
 f - a +6 ring of strength (right claw)
 g - an uncursed ring of protection from fire
 i - an uncursed ring of protection from cold
 r - an uncursed ring of protection from cold
 s - a +4 ring of evasion (left claw)
 C - a +4 ring of evasion
 H - an amulet of faith (around neck)
Wands
 a - a wand of random effects (33)
 h - a wand of digging (8)
 l - a wand of flame (41)
 t - a wand of polymorph (12)
 y - a wand of paralysis (16)
Scrolls
 e - 10 scrolls of teleportation
 j - a scroll of summoning {unknown}
 p - 2 scrolls of blinking
 w - a scroll of fear
 D - a scroll of brand weapon {unknown}
 F - 3 scrolls of remove curse
 I - a scroll of enchant weapon
Potions
 d - a potion of curing
 k - 3 potions of brilliance
 m - 6 potions of heal wounds
 o - a potion of cancellation {unknown}
 q - a potion of ambrosia
 v - 2 potions of magic
 x - a potion of resistance
 z - 6 potions of flight
 A - 2 potions of haste
 B - a potion of might
 E - a potion of invisibility


   Skills:
 + Level 9.6 Fighting
 - Level 1.7 Throwing
 + Level 7.7 Armour
 + Level 8.2 Dodging
 + Level 9.9 Unarmed Combat
 + Level 4.3 Spellcasting
 + Level 4.2 Hexes


You had 15 spell levels left.
You knew the following spells:

 Your Spells              Type           Power        Failure   Level
a - Confusing Touch       Hex            3%           24%         3

Your spell library contained the following spells:

 Spells                   Type           Power        Failure   Level
 Magic Dart               Conj           0%           41%         1
 Dazzling Flash           Conj/Hex       2%           50%         3
 Searing Ray              Conj           0%           54%         2
 Gell's Gravitas          Tloc           0%           78%         3
 Fulminant Prism          Conj/Hex       0%           88%         4
 Iskenderun's Mystic Bla  Conj/Tloc      0%           99%         4
 Petrify                  Tmut/Erth      0%           99%         4
 Metabolic Englaciation   Hex/Ice        0%           99%         5
 Yara's Violent Unravell  Hex/Tmut       0%           99%         5
 Beastly Appendage        Tmut           Unusable     N/A         1
 Wereblood                Tmut           Unusable     N/A         2
 Spider Form              Tmut/Pois      Unusable     N/A         3
 Ice Form                 Ice/Tmut       Unusable     N/A         4
 Blade Hands              Tmut           Unusable     N/A         5

Dungeon Overview and Level Annotations

Branches:
Dungeon (12/15)            Temple (0/1) D:6            Lair (0/6) D:8
  Sewer (visited)          Bailey (visited)
    Orc: D:9-12

Altars:
Ashenzari
Fedhas
Gozag
Hepliaklqana
Nemelex Xobeh
Sif Muna
Trog
Xom
Yredelemnul
The Shining One

Shops:
D:10 =

Annotations:
D:5 1 transporter, Inarius's ghost, novice BaIE
D:6 Eustachio
D:12 Rupert


Innate Abilities, Weirdness & Mutations

You thrive by killing the living.
You are immune to poison.
You have sharp fingernails.
Your flesh is cold resistant. (rC+)
You are immune to negative energy. (rN+++)
You do not regenerate when monsters are visible.
You are immune to unholy pain and torment.
You can survive without breathing.


Message History

Rupert is severely wounded.
The yak gores you.
* * * LOW HITPOINT WARNING * * *
Rupert yells loudly at you.
You barely resist. You claw Rupert!
Rupert is severely wounded.
The orc hits you with a cursed +0 short sword.
* * * LOW HITPOINT WARNING * * *
The yak closely misses you.
The orc priest miscasts a cantrip.
You mangle Rupert!!
Rupert is almost dead.
The yak barely misses you. Rupert roars wildly at you.
You suddenly lose the ability to move!
Rupert looks more energetic.
The orc priest invokes the aid of Beogh against you.
Beogh smites you!
You die...

, , ,... ,,,
,+.........# * * #.#**
*#.........# #.#
###.....### #.#
#####.###### #.#
#...Y......# #####'###
#...Y......# #>..<...#
#[.o...>...#
#.......####.Y@.......#
*#.......'.##..@o......#
+.......#..#..........#
*
#.......##.'..........#
#.......####..........#
#.......# ############
#.......# #####+### **


You could see Rupert, 3 yaks, an orc priest and an orc.

Vanquished Creatures
  Snorg (D:10)
  A two-headed ogre (D:10)
  An ugly thing (D:11)
  A manticore (D:11)
  Psyche (D:10)
  A gargoyle (D:10)
  A komodo dragon (D:11)
  3 trolls
  Grinder (D:5)
  Sigmund (D:6)
  A yak (D:12)
  A wyvern (D:10)
  A basilisk (D:11)
  Grum (D:10)
  Menkaure (D:6)
  Edmund (D:6)
  A steam dragon (D:10)
  4 ice beasts
  6 orc warriors
  5 black bears
  A phantom (D:10)
  2 sky beasts
  5 ogres
  4 wolves (D:10)
  A centaur (D:11)
  A big kobold (D:8)
  5 bullfrogs
  8 gnoll sergeants (Bailey)
  2 water moccasin zombies
  3 scorpions
  4 killer bees (D:8)
  13 wights
  6 howler monkeys
  A quasit (D:10)
  A centaur zombie (D:3)
  4 hounds
  21 orc wizards
  A jelly (D:7)
  3 orc priests
  6 gnoll shamans (Bailey)
  Crazy Yiuf (D:7)
  2 centaur skeletons
  Terence (D:3)
  4 iguanas
  10 worker ants
  17 adders
  27 gnolls
  2 howler monkey skeletons
  4 river rats
  A shadow imp (D:5)
  3 white imps
  3 ufetubi
  An ooze (D:5)
  An adder zombie (D:7)
  4 worms
  5 dart slugs
  4 leopard geckos
  63 orcs
  4 ball pythons
  6 bats
  6 giant cockroaches
  13 goblins
  7 hobgoblins
  16 jackals
  19 kobolds
  4 quokkas
  14 frilled lizards
  A leopard gecko skeleton (D:5)
  A leopard gecko zombie (D:6)
  A quokka zombie (D:5)
  14 rats
385 creatures vanquished.

Vanquished Creatures (others)
  4 plants
4 creatures vanquished.

Grand Total: 389 creatures vanquished

Notes
Turn   | Place    | Note
-------+----------+-------------------------------------------
     0 | D:1      | Borgoz the Ghoul Gladiator began the quest for the Orb.
     0 | D:1      | Reached XP level 1. HP: 17/17 MP: 0/0
     6 | D:1      | Noticed a komodo dragon
     6 | D:1      | Noticed a tyrant leech
     6 | D:1      | Noticed a worker ant
     6 | D:1      | Noticed an ettin
    44 | D:1      | Reached XP level 2. HP: 24/25 MP: 1/1
   459 | D:1      | Reached skill level 1 in Armour
   459 | D:1      | Reached XP level 3. HP: 30/30 MP: 2/2
   981 | D:2      | Reached XP level 4. HP: 37/38 MP: 3/3
  1648 | D:3      | Noticed Terence
  1671 | D:3      | Killed Terence
  1672 | D:3      | Reached XP level 5. HP: 23/45 MP: 4/4
  1995 | D:3      | Reached XP level 6. HP: 44/52 MP: 5/5
  2837 | D:4      | Reached skill level 5 in Unarmed Combat
  2847 | D:4      | Reached XP level 7. HP: 60/60 MP: 6/6
  3471 | D:4      | Found a basalt altar of Yredelemnul.
  3477 | D:4      | Found a bloodstained altar of Trog.
  3481 | D:4      | Found a broken altar of Ashenzari.
  3485 | D:4      | Became a worshipper of Ashenzari the Shackled
  3736 | D:5      | Entered Level 5 of the Dungeon
  3845 | D:5      | Found a transporter.
  3955 | D:5      | Reached skill level 5 in Fighting
  3973 | D:5      | Noticed Grinder
  3978 | D:5      | Paralysed by Grinder for 6 turns
  4004 | D:5      | Paralysed by Grinder for 6 turns
  4016 | D:5      | Paralysed by Grinder for 2 turns
  4022 | D:5      | Killed Grinder
  4023 | D:5      | Reached XP level 8. HP: 26/68 MP: 7/7
  4370 | D:5      | Reached skill level 5 in Dodging
  4778 | D:5      | Noticed Inarius's ghost (novice BaIE)
  5127 | D:6      | Found a glowing drain.
  5273 | Sewer    | Entered a sewer
  5819 | D:6      | Found a staircase to the Ecumenical Temple.
  5853 | D:6      | Noticed Edmund
  5868 | D:6      | Killed Edmund
  5869 | D:6      | Reached XP level 9. HP: 76/78 MP: 8/8
  5924 | D:6      | Reached skill level 5 in Armour
  5994 | D:6      | Noticed Sigmund
  6002 | D:6      | Killed Sigmund
  6187 | D:6      | Found a blossoming altar of Fedhas.
  6366 | D:6      | Noticed Menkaure
  6378 | D:6      | Killed Menkaure
  6609 | D:6      | Noticed Eustachio
  6749 | D:7      | Found the ring of the Mage {Wiz Will++ Int+3}
  6775 | D:7      | Reached * piety under Ashenzari
  7007 | D:7      | Learned a level 3 spell: Confusing Touch
  7100 | D:7      | Got the cursed scale mail "Qorhyrir" {-Cast Str+5}
  7196 | D:7      | Found a runed translucent door.
  7197 | D:7      | Noticed Crazy Yiuf
  7204 | D:7      | Killed Crazy Yiuf
  7645 | D:7      | Found a shimmering altar of Xom.
  7762 | D:8      | Reached skill level 1 in Spellcasting
  7762 | D:8      | Reached XP level 10. HP: 52/88 MP: 10/10
  7770 | D:8      | Reached skill level 1 in Hexes
  7926 | D:8      | Found a flagged portal.
  7932 | Bailey   | Entered a bailey
  7978 | Bailey   | Identified the cursed +1 scale mail "Qorhyrir" {-Cast
                  | Str+5} (You found it on level 7 of the Dungeon)
  8983 | D:8      | Found a glowing golden altar of the Shining One.
  9028 | D:8      | Found a staircase to the Lair.
  9100 | D:8      | Found a hazy altar of Hepliaklqana.
  9388 | D:9      | Reached ** piety under Ashenzari
  9581 | D:9      | Found a sparkling altar of Nemelex Xobeh.
  9690 | D:9      | Found a shimmering blue altar of Sif Muna.
  9927 | D:9      | Found a sparkling altar of Nemelex Xobeh.
  9928 | D:9      | Found an opulent altar of Gozag.
 10026 | D:10     | Entered Level 10 of the Dungeon
 10065 | D:10     | Noticed Grum
 10103 | D:10     | Killed Grum
 10165 | D:10     | Noticed Psyche
 10198 | D:10     | Killed Psyche
 10199 | D:10     | Reached XP level 11. HP: 28/95 MP: 14/14
 10529 | D:10     | Noticed a two-headed ogre
 10548 | D:10     | Killed a two-headed ogre
 10825 | D:10     | Found a glowing golden altar of the Shining One.
 10908 | D:10     | Found Meongit's Jewellery Shop.
 11223 | D:10     | Noticed Snorg
 11272 | D:10     | Killed Snorg
 12052 | D:11     | Noticed a manticore
 12065 | D:11     | Killed a manticore
 12218 | D:11     | Noticed a purple ugly thing
 12225 | D:11     | Killed a purple ugly thing
 12394 | D:11     | Found a broken altar of Ashenzari.
 13314 | D:12     | Reached *** piety under Ashenzari
 13316 | D:12     | Noticed Rupert
 13363 | D:12     | Paralysed by Rupert for 5 turns
 13364 | D:12     | Killed from afar by an orc priest

Illustrated notes

Levels and vault maps discovered:
D:1:      onia_arrival_zoo_common, layout_basic, minmay_misc_feat_roman
D:2:      layout_rooms, serial_bayou_pond_a, small_statue_intersection
D:3:      layout_basic, kennysheep_generic_room_9, uniq_terence
D:4:      layout_loops_ring, minitemple, palyth_stone_intersect,
          serial_bayou_lagoon_a
D:5:      layout_gridville, gammafunk_ghost_hive, kennysheep_small_spiral,
          minivault_1, minmay_fractal_squares_diagonal_5, uniq_grinder
D:6:      layout_basic, kennysheep_little_box, minmay_temple_entry_from_below_a,
          gup_sewer_entry_spiral, uniq_sigmund, uniq_eustachio, uniq_menkaure,
          uniq_edmund
D:7:      layout_cave_pods, marbit_many_paths, uniq_crazy_yiuf_cottage
D:8:      layout_cave_pools, lemuel_doored_altar, dpeg_oklobed_lair,
          enter_bailey_3, nicolae_tso_swordbearing_angel
D:9:      layout_roguey, grunt_temple_overflow_opulence,
          nicolae_overflow_crystal_walls, nemelex_xobeh_ov_fountains_minmay
D:10:     layout_rooms, basic_altar, serial_shops, shop_statue,
          minmay_fractal_squares_gapless_5, uniq_psyche, uniq_grum, uniq_snorg
D:11:     layout_irregular_city, basic_altar
D:12:     layout_roguey, orc_0_dummy, gammafunk_ghost_mausoleum, uniq_rupert

Skill      XL: |  1  2  3  4  5  6  7  8  9 10 11 |
---------------+----------------------------------+-----
Armour         | 1 2 3 4 6 7 |  7.7
Dodging        | 3 4 5 6 7 8 |  8.2
Fighting       | 3 4 5 6 7 8 9 |  9.6
Unarmed Combat | 4 5 6 8 9 |  9.9
Spellcasting   | 1 3 4 |  4.3
Hexes          | 2 4 |  4.2
Throwing       | |  1.7

Action                   |  1- 3 |  4- 6 |  7- 9 | 10-12 || total
-------------------------+-------+-------+-------+-------++-------
Melee: Unarmed           |    85 |   182 |   608 |   676 ||  1551
       Punch             |     2 |     5 |    19 |    37 ||    63
Throw: Throwing net      |       |     2 |     2 |    14 ||    18
Evoke: Wand              |       |       |       |     2 ||     2
  Use: Scroll            |       |     1 |    17 |     4 ||    22
       Potion            |       |     2 |     3 |     6 ||    11
 Stab: Sleeping          |     1 |       |       |       ||     1
       Held in net/web   |       |       |       |     4 ||     4
       Invisible         |       |       |       |     1 ||     1
Armor: Leather armour    |    15 |     9 |       |       ||    24
       Ring mail         |       |    45 |   155 |   145 ||   345
       Scale mail        |       |       |       |    28 ||    28
       Steam dragon scal |       |       |       |    28 ||    28
Dodge: Dodged            |    54 |   126 |   564 |   761 ||  1505

Table legend: (Time is in decaauts)
 A = Elapsed time spent in this place.
 B = Non-inter-level travel time spent in this place.
 C = Inter-level travel time spent in this place.
 D = Time resting spent in this place.
 E = Time spent auto-exploring this place.
 F = Levels seen in this place.
 G = Mean time per level.
                   A        B        C        D        E       F      G
               +--------+--------+--------+--------+--------+-----+--------+
         Total |  13313 |  12928 |    385 |   2355 |   7742 |  14 |  950.9 |
       Dungeon |  11897 |  11512 |    385 |   1815 |   7426 |  12 |  991.4 |
         Sewer |    429 |    429 |      0 |      0 |    284 |   1 |  429.0 |
        Bailey |    985 |    985 |      0 |    540 |     32 |   1 |  985.0 |
               +--------+--------+--------+--------+--------+-----+--------+

Top non-repeatable levels by time:
    D:10: 1606 daAuts
    D:11: 1380 daAuts
     D:3: 1361 daAuts
     D:6: 1324 daAuts
     D:5: 1255 daAuts
     D:7: 999 daAuts
  Bailey: 985 daAuts
     D:4: 918 daAuts
     D:1: 777 daAuts
     D:8: 684 daAuts
     D:2: 669 daAuts
     D:9: 624 daAuts
   Sewer: 429 daAuts
    D:12: 295 daAuts
